 Dungeon Crawl Stone Soup version 0.30.1-4-g462c640d31 (webtiles) character file.

Game seed: 12828657640774956285

154 Bnni the Shield-Bearer (level 5, -5/42 HPs)
             Began as a Formicid Fighter on Sept 10, 2023.
             Slain by an orc
             ... wielding a +0 trident
              (7 damage)
             ... on level 3 of the Dungeon.
             The game lasted 00:02:07 (2237 turns).

Bnni the Shield-Bearer (Formicid Fighter)           Turns: 2237, Time: 00:02:08

Health: -5/42      AC:  7    Str: 23    XL:     5   Next: 62%
Magic:  5/5        EV: 10    Int:  7    God:
Gold:   148        SH:  5    Dex: 13    Spells: 4/4 levels left

rFire   . . .        o - +0 dagger (elec)
rCold   . . .        c - +0 buckler
rNeg    . . .        f - +2 ring mail {rPois}
rPois   +            (helmet unavailable)
rElec   .            (no cloak)
rCorr   .            (no gloves)
SInv    +            (no boots)
Will    .....        (no amulet)
Stlth   +            (no ring)
HPRegen 0.27/turn    (no ring)
MPRegen 0.09/turn

%: no passive effects
@: no status effects
A: permanent stasis, dig shafts and tunnels, antennae 3, four strong arms
a: Dig, Shaft Self


You were on level 3 of the Dungeon.
You visited 1 branch of the dungeon, and saw 3 of its levels.

You collected 148 gold pieces.

Inventory:

Hand Weapons
 a - a +0 trident
 o - a +0 dagger of electrocution (weapon)
Armour
 c - a +0 buckler (worn)
 f - a +2 ring mail of poison resistance (worn)
 p - a +0 chain mail
Scrolls
 b - 2 scrolls of enchant armour {unknown}
 e - a scroll of magic mapping {unknown}
 h - 4 scrolls of identify {unknown}
 j - a scroll of immolation {unknown}
 l - a scroll of enchant weapon {unknown}
 n - a scroll of noise {unknown}
Potions
 d - 2 potions of might
 g - a potion of curing
 i - 5 potions of heal wounds {unknown}
 k - a potion of lignification {unknown}
 m - 3 potions of attraction {unknown}
 q - a potion of brilliance {unknown}


   Skills:
 + Level 4.3 Fighting
 * Level 4.1 Polearms
 - Level 3.2 Armour
 - Level 5.0 Shields


You had 4 spell levels left.
You didn't know any spells.
Your spell library contained the following spells:

 Spells                   Type           Power      Damage    Failure   Level
 Portal Projectile        Hex/Tloc       0%         N/A       95%         3
 Tukima's Dance           Hex            0%         N/A       95%         3
 Blade Hands              Tmut           0%         N/A       100%        5


Dungeon Overview and Level Annotations

Branches:
Dungeon (3/15)

Altars:
Elyvilon


Innate Abilities, Weirdness & Mutations

You cannot be hasted, slowed, berserked, paralysed or teleported.
You can dig through walls and to a lower floor.
You have a pair of large antennae on your head. (SInv)
Your four strong arms can wield two-handed weapons with a shield.


Message History

The orc is lightly wounded.
The orc hits you with a +0 mace.
* * * LOW HITPOINT WARNING * * *
The orc hits you but does no damage.
You closely miss the orc.
The orc is lightly wounded.
The orc closely misses you. The orc hits you but does no damage.
You hit the orc.
The orc is heavily wounded.
The orc hits you but does no damage. The orc closely misses you.
You hit the orc.
The orc is heavily wounded.
You block the orc's attack.
The orc hits you from afar with a +0 trident.
* * * LOW HITPOINT WARNING * * *
Unknown command.
It was a potion of curing.
You feel better. The orc hits you with a +0 mace!
* * * LOW HITPOINT WARNING * * *
The orc hits you but does no damage.
You feel better. The orc barely misses you. You block the orc's attack.
You hit the orc but do no damage. Lightning courses through the orc!
You kill the orc!
The orc hits you but does no damage.
You hit the orc.
The orc is moderately wounded.
The orc barely misses you. The orc closely misses you.
You barely miss the orc.
The orc is moderately wounded.
The orc misses you. x2
You barely miss the orc.
The orc is moderately wounded.
The orc hits you with a +0 short sword.
* * * LOW HITPOINT WARNING * * *
The orc hits you from afar with a +0 trident.
* * * LOW HITPOINT WARNING * * *
You hit the orc.
The orc is severely wounded.
The orc barely misses you.
The orc hits you from afar with a +0 trident!
You die...

# #. # #. # ... ..
##### # #.. ####.##....
# #... #......$.# #
...### #........# #
...# #...o.)..# #
#.#### #o#
########....####@#.#...
....................$.#
.........##..###.#.#..#
.........###.....#.# #
.........# #####....
.........# #.#.#.
.........#### #......
............# ### ####
............#


You could see 2 orcs.

Vanquished Creatures
  An orc priest (D:3)
  Robin (D:3)
  A gnoll (D:1)
  2 adders (D:2)
  A worm (D:3)
  2 dart slugs
  2 orcs (D:3)
  4 ball pythons
  3 endoplasms
  6 giant cockroaches
  13 goblins
  6 hobgoblins
  4 jackals (D:1)
  4 quokkas
  5 bats
  3 frilled lizards
  6 kobolds
  7 rats
71 creatures vanquished.

Notes
Turn   | Place    | Note
-------+----------+-------------------------------------------
     0 | D:1      | Bnni the Formicid Fighter began the quest for the Orb.
     0 | D:1      | Reached XP level 1. HP: 18/18 MP: 1/1
   157 | D:1      | Reached XP level 2. HP: 24/24 MP: 2/2
   607 | D:1      | Reached XP level 3. HP: 29/29 MP: 3/3
  1297 | D:2      | Reached skill level 5 in Shields
  1302 | D:2      | Reached XP level 4. HP: 35/37 MP: 4/4
  1443 | D:2      | Found a white marble altar of Elyvilon.
  2004 | D:3      | Noticed Robin
  2014 | D:2      | Reached XP level 5. HP: 22/42 MP: 5/5
  2098 | D:3      | Killed Robin
  2230 | D:3      | HP: 1/42 [orc/+0 trident (5)]
  2236 | D:3      | HP: 2/42 [orc/+0 trident (5)]
  2237 | D:3      | Slain by an orc

Illustrated notes

Levels and vault maps discovered:
D:1:      amcnicky_arrival_flooded_fountain, layout_basic,
          minmay_worlds_worst_comb
D:2:      layout_loops_cross, basic_altar
D:3:      minmay_thinvault, layout_basic, nicolae_elevator_lobby_plus,
          uniq_robin

Skill      XL: |  1  2  3  4  5 |
---------------+----------------+-----
Shields        | 5 |  5.0
Polearms       | 3 4 |  4.1
Fighting       | 4 |  4.3
Armour         | |  3.2

Action                     |  1- 3 |  4- 6 || total
---------------------------+-------+-------++-------
  Melee: Trident           |    88 |    75 ||   163
         Dagger            |       |    36 ||    36
    Use: Potion            |       |     2 ||     2
 Armour: Scale mail        |     2 |       ||     2
         Ring mail         |    31 |    37 ||    68
  Dodge: Dodged            |    29 |    44 ||    73
  Block: Buckler           |    17 |    28 ||    45
